 Dungeon Crawl Stone Soup version 0.28-a0-631-g0446da8ef9 (webtiles) character file.

Game seed: 6197031822882048154

319 timneilson the Covered (level 6, -1/38 HPs)
             Began as a Gargoyle Fighter on Oct 10, 2021.
             Slain by an orc priest (7 damage)
             ... on level 4 of the Dungeon.
             The game lasted 00:05:59 (3606 turns).

timneilson the Covered (Gargoyle Fighter)           Turns: 3606, Time: 00:06:01

Health: -1/38      AC: 20    Str: 21    XL:     6   Next: 45%
Magic:  6/6        EV:  8    Int:  9    God:
Gold:   297        SH:  9    Dex:  9    Spells: 5/5 levels left

rFire   . . .      SeeInvis .   a - +0 long sword
rCold   + . .      Faith    .   c - +0 buckler
rNeg    + . .      Spirit   .   e - +2 chain mail {rC+}
rPois   ∞          Reflect  +   (no helmet)
rElec   +          Harm     .   (no cloak)
rCorr   .          Rampage  .   (no gloves)
Will    .....                   (no boots)
Stlth   ..........              f - amulet of reflection
HPRegen 0.12/turn               k - +4 ring of protection
MPRegen 0.10/turn               (no ring)

@: no status effects
A: sickness immunity, AC +4, negative energy resistance 1, electricity
resistance, torment resistance 1, petrification resistance
a: no special abilities


You were on level 4 of the Dungeon.
You visited 1 branch of the dungeon, and saw 4 of its levels.
You also visited: Sewer.

You collected 297 gold pieces.

Inventory:

Hand Weapons
 a - a +0 long sword (weapon)
Armour
 c - a +0 buckler (worn)
 e - a +2 chain mail of cold resistance (worn)
Jewellery
 f - an amulet of reflection (around neck)
 k - a +4 ring of protection (left hand)
Scrolls
 l - a scroll of blinking {unknown}
 m - a scroll of identify
Potions
 b - a potion of flight
 d - a potion of might
 g - a potion of curing
 h - a potion of heal wounds
 i - a potion of ambrosia {unknown}
 j - a potion of berserk rage
 n - a potion of lignification {unknown}


   Skills:
 + Level 4.1 Fighting
 * Level 3.3 Long Blades
 * Level 4.9 Armour
 + Level 1.4 Dodging
 * Level 4.7 Shields


You had 5 spell levels left.
You didn't know any spells.
Your spell library was empty.

Dungeon Overview and Level Annotations

Branches:
Dungeon (4/15)              Sewer (visited)
 Temple: D:4-7

Altars:

Shops:
D:4 =


Innate Abilities, Weirdness & Mutations

You are immune to sickness and miasma.
Your stone body is resilient. (AC +4)
You are immune to poison.
You resist negative energy. (rN+)
You are resistant to electric shocks. (rElec)
You are resistant to unholy torment.
You are immune to petrification.


Message History

The orc wizard shouts!
The orc shouts!
You hear a shout!
You block the adder skeleton's attack.
An orc comes into view.
It is wielding a +0 hand axe and quivering boomerangs of dispersal.
You see here a +0 chain mail.
Your chain mail prevents you from hitting the adder skeleton.
The orc shouts!
You hear a shout!
The adder skeleton closely misses you. You block the adder skeleton's attack.
You slash the adder skeleton!
The adder skeleton is severely damaged.
An orc wizard comes into view. It is wielding a +0 dagger.
An orc priest comes into view. It is wielding a +0 flail.
You block the adder skeleton's attack.
You completely miss the adder skeleton.
The adder skeleton is severely damaged.
The orc priest shouts!
The orc wizard shouts!
You hear an angry hiss.
The orc wizard casts a spell.
The orc wizard flickers and vanishes!
Deactivating autopickup; reactivate with Ctrl-A.
You block the adder skeleton's attack.
An orc comes into view. It is wielding a +0 flail.
The orc priest invokes the aid of Beogh against you.
Beogh smites you!
You hear a shout!
The adder skeleton bites you but does no damage.
The teleport trap disappears.
The orc disappears!
You slash the orc!
You kill the orc!
Things that are here:
a +0 short sword; an orc corpse You barely miss the orc priest.
You block the orc priest's attack.
You closely miss the orc priest.
The orc priest invokes the aid of Beogh against you.
Beogh smites you!
You hit the orc priest.
The orc priest is lightly wounded.
The orc priest calls down the wrath of Beogh upon you.
Beogh smites you!
* * * LOW HITPOINT WARNING * * *
The orc priest hits you with a +0 flail!
You die...

##########.##.#.##.........#
# #.##<#.##.........# #
##########..###.# #
............###.# .
.............##.#
...........#.##.#
...†............#
...........##.#######.###
#####.#######..o@........
#.# #.Z######.### #.# ##.##
#.# #o.# #.# #..# #..# #o.##
#...# #.#o##


You could see an orc priest and an adder skeleton.

Vanquished Creatures
  A water moccasin (Sewer)
  A scorpion (D:4)
  5 adders
  7 worms
  2 dart slugs
  3 orcs
  6 ball pythons
  6 endoplasms
  2 giant cockroaches (D:1)
  11 goblins
  5 hobgoblins
  A jackal (D:2)
  3 kobolds
  3 quokkas
  13 bats
  4 frilled lizards
  5 rats
78 creatures vanquished.

Notes
Turn   | Place    | Note
-------+----------+-------------------------------------------
     0 | D:1      | timneilson the Gargoyle Fighter began the quest for the
                  | Orb.
     0 | D:1      | Reached XP level 1. HP: 14/14 MP: 1/1
   355 | D:1      | Reached XP level 2. HP: 19/19 MP: 2/2
   792 | D:1      | Reached XP level 3. HP: 19/23 MP: 3/3
  1554 | D:2      | Reached XP level 4. HP: 15/28 MP: 4/4
  2698 | D:3      | Reached XP level 5. HP: 29/33 MP: 5/5
  2774 | D:3      | Reached skill level 1 in Dodging
  3084 | D:4      | Found a glowing drain.
  3139 | Sewer    | Entered a sewer
  3180 | Sewer    | Noticed a water moccasin
  3197 | Sewer    | Killed a water moccasin
  3198 | Sewer    | Reached XP level 6. HP: 29/38 MP: 6/6
  3448 | D:4      | Found Focyd's Jewellery Boutique.
  3606 | D:4      | Slain by an orc priest

Illustrated notes

Levels and vault maps discovered:
D:1:      lightli_arrival_farm, layout_loops_cross, serial_bayou_crossing
D:2:      kennysheep_six_static_rooms, layout_basic
D:3:      layout_loops_ring
D:4:      layout_basic, serial_shops, nicolae_shop_trees,
          cheibrodos_sewer_entry_bend, minmay_misc_feat_secret_circle,
          uniq_pikel

Skill      XL: |  1  2  3  4  5 |
---------------+----------------+-----
Long Blades    | 2 3 |  3.3
Armour         | 4 |  4.9
Shields        | 4 |  4.7
Dodging        | 1 |  1.4
Fighting       | 4 |  4.1

Action                   |  1- 3 |  4- 6 || total
-------------------------+-------+-------++-------
Melee: Long sword        |   142 |   206 ||   348
  Use: Scroll            |     4 |     4 ||     8
       Potion            |       |     1 ||     1
Armor: Chain mail        |    91 |   142 ||   233
Dodge: Dodged            |    60 |    82 ||   142
Block: Buckler           |    63 |   137 ||   200
       Reflection        |       |     3 ||     3

Table legend: (Time is in decaauts)
 A = Elapsed time spent in this place.
 B = Non-inter-level travel time spent in this place.
 C = Inter-level travel time spent in this place.
 D = Time resting spent in this place.
 E = Time spent auto-exploring this place.
 F = Levels seen in this place.
 G = Mean time per level.
                   A        B        C        D        E       F      G
               +--------+--------+--------+--------+--------+-----+--------+
         Total |   3739 |   3693 |     46 |      0 |   2779 |   5 |  747.8 |
       Dungeon |   3571 |   3525 |     46 |      0 |   2697 |   4 |  892.8 |
         Sewer |    168 |    168 |      0 |      0 |     82 |   1 |  168.0 |
               +--------+--------+--------+--------+--------+-----+--------+

Top non-repeatable levels by time:
     D:1: 1406 daAuts
     D:2: 1027 daAuts
     D:3: 751 daAuts
     D:4: 386 daAuts
   Sewer: 168 daAuts
